AoeStats
← ODIO A LOS NEGROS!

Arabia

508236864Analyzed
3v3 RM · 12d ago on Sep 21, 2026· 41m 55s· 6 players
Game mode
Random Map
Map size
Normal (6 player)
Population
200
Speed
Normal
Resources
Standard
Victory
Conquest
Starting age
Dark Age
Ending age
Imperial Age
RankedLock teamsTeams togetherTeam positionsShared explorationLock speedFull tech treeHidden civsTurbo modeCheats
Victory
Defeat
🇺🇸 Huns · United States
682
+7
🇧🇴 Spanish · Bolivia
621
+9
🇩🇪 Mapuche · Germany
561
+11
🇵🇱 Maya · Poland
481
-10
🇬🇧 Inca · United Kingdom
456
-9
🇨🇳 Chinese · China
418
-8
Leggy Mountbatten
0:29 Loom
11:32 Feudal Age
11:55 Horse Collar
12:08 Gold Mining
19:26 Castle Age
17:55 Arson
18:43 Double-Bit Axe
20:13 Heavy Plow
20:53 Squires
22:25 Pikeman
25:21 Town Watch
Tosti133
22:31 Feudal Age
24:27 Stone Mining
27:23 Castle Age
29:58 Double-Bit Axe
34:02 Castle Age
34:21 Wheelbarrow
33:43 Fletching
默认
0:58 Loom
15:01 Feudal Age
15:28 Horse Collar
15:40 Double-Bit Axe
16:41 Wheelbarrow
23:55 Castle Age
24:42 Caravan
24:59 Heavy Plow
24:56 Gold Mining
25:21 Bow Saw
28:03 Hand Cart
Mase of Spades
1:02 Loom
11:28 Feudal Age
12:03 Double-Bit Axe
12:56 Wheelbarrow
13:21 Stone Mining
15:04 Gold Mining
16:30 Horse Collar
22:06 Bloodlines
22:57 Scale Barding Armor
23:03 Forging
25:47 Castle Age
27:11 Hand Cart
26:59 Husbandry
29:11 Iron Casting
30:10 Heavy Plow
30:24 Bow Saw
34:51 Chain Barding Armor
35:37 Marauders
GiulioSalmo
0:27 Loom
10:14 Feudal Age
11:32 Wheelbarrow
10:43 Town Watch
10:56 Horse Collar
11:52 Double-Bit Axe
14:57 Gold Mining
15:46 Stone Mining
21:27 Castle Age
21:24 Forging
21:24 Scale Mail Armor
22:21 Bow Saw
22:25 Pikeman
23:53 Heavy Plow
23:59 Treadmill Crane
24:21 Elite Skirmisher
27:33 Gold Shaft Mining
29:26 Stone Shaft Mining
30:12 Iron Casting
31:15 Malon
34:06 Sanctity
34:54 Murder Holes
35:10 Masonry
39:20 Imperial Age
37:25 Hand Cart
37:15 Town Patrol
40:57 Conscription
41:26 Fervor
42:00 Ballistics
41:27 Arrowslits
43:04 Hoardings
ODIO A LOS NEGROS!
12:19 Feudal Age
11:09 Loom
17:28 Castle Age
15:21 Stone Mining
19:19 Wheelbarrow
18:26 Horse Collar
18:34 Double-Bit Axe
22:00 Hand Cart
31:12 Bow Saw
35:49 Imperial Age
33:30 Heavy Plow
33:59 Gold Mining
35:14 Bloodlines
35:06 Husbandry
34:31 Light Cavalry
35:23 Scale Barding Armor
35:29 Forging
Connection lost

Rejoining the realm…

Still unreachable

The connection could not be restored.

Session expired

The server has moved on; the page needs a fresh start.